 Dungeon Crawl Stone Soup version 0.29-a0-757-g358383bc75 (webtiles) character file.

Game seed: 9183625269051712032

2629 avis the Shooter (level 9, -4/75 HPs)
             Began as a Demigod Ice Elementalist on June 30, 2022.
             Slain by a yak (9 damage)
             ... on level 8 of the Dungeon.
             The game lasted 00:54:04 (9708 turns).

avis the Shooter (Demigod Ice Elementalist)         Turns: 9708, Time: 00:54:04

Health: -4/75      AC:  9    Str:  9    XL:     9   Next: 13%
Magic:  19/25      EV: 12    Int: 17    God:
Gold:   373        SH:  0    Dex: 30    Spells: 7/14 levels left

rFire   + . .      SeeInvis .   a - +4 rapier "Dobeinis" {pain, Dex+4}
rCold   . . .      Faith    .   (no shield)
rNeg    . . .      Spirit   .   d - +1 leather armour {rF+}
rPois   +          Reflect  .   (no helmet)
rElec   .          Harm     .   (no cloak)
rCorr   .          Rampage  .   (no gloves)
Will    .....                   (no boots)
Stlth   +++.......              (no amulet)
HPRegen 0.22/turn               u - ring of magical power
MPRegen 0.19/turn               c - ring of poison resistance

@: ice-armoured, freezing walls
A: high MP 1, forlorn, divine attributes
a: no special abilities


You were on level 8 of the Dungeon.
You visited 2 branches of the dungeon, and saw 9 of its levels.

You collected 373 gold pieces.

Inventory:

Hand Weapons
 a - the +4 rapier "Dobeinis" (weapon) {pain, Dex+4}
   (You found it on level 4 of the Dungeon)

   In the hands of one skilled in necromantic magic, it inflicts extra damage on
   living creatures.
   Dex:       It affects your dexterity (+4).
 b - a +0 sling
 A - a +0 vampiric dagger
 B - a +0 falchion
 H - a +0 great sword
 I - a +1 dagger of protection
 O - a +1 dagger of chaos
Missiles
 p - 9 javelins
 w - 12 poisoned darts (quivered)
 y - 3 boomerangs
 J - a curare-tipped dart
 R - a throwing net
Armour
 d - a +1 leather armour of fire resistance (worn)
 g - a +0 robe
 i - +0 ice dragon scales
 F - a +0 helmet
 M - an orb of guile
 Q - the +0 helmet "Onatiz" {Dex+6 Slay-3 Stlth+}
   (You found it on level 8 of the Dungeon)

   Dex:       It affects your dexterity (+6).
   Slay:      It affects your accuracy & damage with ranged weapons and melee
   (-3).
   Stlth:     It makes you more stealthy.
 S - a +4 plate armour
Jewellery
 c - a ring of poison resistance (right hand)
 u - a ring of magical power (left hand)
 K - a ring of willpower
Wands
 v - a wand of iceblast (7)
 L - a wand of light (11)
 P - a wand of polymorph (6)
Scrolls
 f - 2 scrolls of teleportation {unknown}
 j - 3 scrolls of silence {unknown}
 k - 5 scrolls of enchant weapon {unknown}
 l - a scroll of acquirement {unknown}
 o - 2 scrolls of immolation {unknown}
 r - 3 scrolls of magic mapping {unknown}
 t - 2 scrolls of amnesia {unknown}
 C - 2 scrolls of fear {unknown}
Potions
 e - 3 potions of brilliance
 h - 3 potions of flight
 m - 3 potions of heal wounds
 n - 2 potions of lignification
 q - a potion of might
 s - a potion of cancellation
 x - a potion of magic
 z - a potion of mutation
 D - 5 potions of curing
 E - a potion of attraction {unknown}
 G - a potion of haste {unknown}
 N - a potion of ambrosia {unknown}


   Skills:
 - Level 6.0 Fighting
 * Level 7.5 Ranged Weapons
 - Level 1.7 Dodging
 - Level 1.7 Stealth
 - Level 3.0 Spellcasting
 - Level 7.0 Ice Magic


You had 7 spell levels left.
You knew the following spells:

 Your Spells              Type           Power      Damage    Failure   Level
a - Freeze                Ice            100%       1d11      1%          1
o - Ozocubu's Armour      Ice            26%        N/A       4%          3
r - Frozen Ramparts       Ice            52%        1d7       4%          3

Your spell library contained the following spells:

 Spells                   Type           Power      Damage    Failure   Level
 Sandblast                Erth           4%         2d4       24%         1
 Passwall                 Tmut/Erth      1%         N/A       36%         2
 Hailstorm                Conj/Ice       14%        3d5       50%         4
 Gell's Gravitas          Tloc           2%         N/A       58%         3
 Ignite Poison            Fire/Tmut/Pois 2%         N/A       58%         3
 Lesser Beckoning         Tloc           2%         N/A       58%         3
 Mephitic Cloud           Conj/Pois/Air  2%         N/A       58%         3
 Stone Arrow              Conj/Erth      4%         3d7       58%         3
 Teleport Other           Tloc           2%         N/A       58%         3
 Metabolic Englaciation   Hex/Ice        7%         N/A       85%         5
 Freezing Cloud           Conj/Ice/Air   5%         6-21      95%         5
 Simulacrum               Ice/Necr       7%         N/A       100%        6


Dungeon Overview and Level Annotations

Branches:
Dungeon (8/15)             Temple (1/1) D:5
   Lair: D:8-11

Shops:
D:4 (


Innate Abilities, Weirdness & Mutations

You have an increased reservoir of magic. (+10% MP)
You shall have no god before yourself.
Your divine heritage dramatically boosts your attributes as you level up.


Message History

You puncture the yak!
The yak is almost dead.
The yak gores you but does no damage.
The wall freezes the yak.
The yak gores you.
The wall freezes the yak!
The yak gores you.
* * * LOW HITPOINT WARNING * * *
Unknown command.
You barely miss the yak.
The yak is almost dead.
The frozen ramparts melt away.
The yak gores you.
* * * LOW HITPOINT WARNING * * *
The yak gores you.
* * * LOW HITPOINT WARNING * * *
The yak gores you but does no damage.
Casting: Frozen Ramparts (dangerous; 4% risk of failure)
Confirm with . or Enter, or press ? or * to list all spells.
Casting: Frozen Ramparts (dangerous; 4% risk of failure)
Press: ? - help, Dir - look around, f - activate The walls around you are covered in ice.
The yak gores you!
* * * LOW HITPOINT WARNING * * *
The wall freezes the yak.
The yak gores you but does no damage.
The wall freezes the yak.
The yak barely misses you.
You hit the yak.
The yak is almost dead.
The yak misses you.
The wall freezes the yak.
The yak gores you but does no damage.
The wall freezes the yak.
The yak gores you.
* * * LOW HITPOINT WARNING * * *
Unknown command.
Casting: Frozen Ramparts (dangerous; 4% risk of failure)
Confirm with . or Enter, or press ? or * to list all spells.
Aiming: Freeze (safe; 1% risk of failure)
Press: ? - help, Shift-Dir - straight line, f - yak
Aim: a yak (almost dead)
You freeze the yak!
You kill the yak!
The wall freezes the yak.
The yak gores you!
* * * LOW HITPOINT WARNING * * *
The wall freezes the yak.
The yak gores you!
You die...

..... #........# .....
##.......# .....
.##.......# .....
..........# ##### #
.........###
....#.##.........#
#......#.........#
#<...............#
#..............†@#
............#..)YY......
#....#......#...........
#....##.... #...........
#....# .... #...........
###.## #..###...........
## .. ..>..............
.# ....##...........
.######....#


You could see 2 yaks.

Vanquished Creatures
  2 yaks (D:8)
  A wyvern (D:8)
  Duvessa (D:6)
  2 water moccasins (D:7)
  5 orc warriors
  A black bear (D:5)
  An ogre (D:7)
  2 phantoms (D:4)
  A kobold brigand (D:7)
  A bullfrog (D:7)
  3 scorpions
  A necrophage (D:6)
  Dowan (D:6)
  An electric eel (D:6)
  3 crimson imps (D:7)
  4 jellies (D:8)
  2 hounds (D:6)
  4 orc priests
  3 iguanas
  3 orc wizards
  11 adders
  3 worms
  30 orcs
  9 ball pythons
  10 endoplasms
  A giant cockroach (D:1)
  8 goblins
  8 hobgoblins
  2 jackals
  12 kobolds
  7 quokkas
  6 bats
  5 frilled lizards
  3 rats
157 creatures vanquished.

Vanquished Creatures (others)
  6 fungi (D:2)
  2 plants (D:2)
8 creatures vanquished.

Grand Total: 165 creatures vanquished

Notes
Turn   | Place    | Note
-------+----------+-------------------------------------------
     0 | D:1      | avis the Demigod Ice Elementalist began the quest for the
                  | Orb.
     0 | D:1      | Reached XP level 1. HP: 14/14 MP: 5/5
     5 | D:1      | You fall into a shaft and drop 1 floor!
   465 | D:2      | Reached XP level 2. HP: 22/22 MP: 4/7
   530 | D:1      | Reached skill level 1 in Fighting
  1482 | D:2      | Reached XP level 3. HP: 29/29 MP: 4/8
  2007 | D:2      | Learned a level 3 spell: Ozocubu's Armour
  2151 | D:2      | Reached XP level 4. HP: 28/36 MP: 3/11
  3323 | D:3      | Reached XP level 5. HP: 41/45 MP: 6/12
  3692 | D:4      | Identified the +4 rapier "Dobeinis" {pain, Dex+4}
  3859 | D:4      | Reached skill level 5 in Ice Magic
  4055 | D:4      | Found Icvay's Weapon Boutique.
  4090 | D:4      | Noticed a shadow
  4153 | D:4      | Reached XP level 6. HP: 42/52 MP: 13/13
  4759 | D:5      | Entered Level 5 of the Dungeon
  5051 | D:5      | Found a staircase to the Ecumenical Temple.
  5358 | D:5      | Reached skill level 1 in Ranged Weapons
  5641 | Temple   | Entered the Ecumenical Temple
  5697 | D:6      | Noticed Duvessa
  5697 | D:6      | Noticed Dowan
  5709 | D:6      | Killed Duvessa
  5710 | D:6      | Reached XP level 7. HP: 40/59 MP: 14/14
  5899 | D:6      | Killed Dowan
  7099 | D:6      | Reached XP level 8. HP: 66/66 MP: 15/15
  7414 | D:7      | Reached skill level 5 in Fighting
  7644 | D:7      | Reached skill level 5 in Ranged Weapons
  8497 | D:7      | Learned a level 3 spell: Frozen Ramparts
  8892 | D:8      | Identified the +0 helmet "Onatiz" {Dex+6 Slay-3 Stlth+}
  9064 | D:8      | Reached XP level 9. HP: 33/75 MP: 16/16
  9708 | D:8      | Slain by a yak

Illustrated notes

Levels and vault maps discovered:
D:1:      noname_arrival_rooms_in_the_neighbourhood, layout_basic
D:2:      layout_basic, basic_altar, shapermc_ecumenical_altar_hornbeckon,
          minmay_quadrilaterals
D:3:      layout_basic, nicolae_overflow_ecumenical_swirl,
          minmay_misc_feat_tiny, minmay_joined_circles
D:4:      layout_loops_ring, riverfiend_overflow_shadow_ancestor,
          mainiacjoe_overflow_alcove_4, serial_shops,
          nicolae_shop_bloodbath_and_beyond, minmay_misc_feat_more_columns
D:5:      layout_cave_pools, temple_statues
D:6:      kennysheep_six_static_rooms, layout_basic, nicolae_overflow_squiral,
          nicolae_kikubaaqudgha_miasma_corner, uniq_duvessa
D:7:      layout_basic, led_xom_imps
D:8:      layout_basic, zin_statuary, jiyva_altar_1, uniq_erica
Temple:   cyrus_circular_temple

Skill      XL: |  1  2  3  4  5  6  7  8  9 |
---------------+----------------------------+-----
Ice Magic      | 4 5 6 7 |  7.0
Fighting       | 1 2 3 4 6 |  6.0
Spellcasting   | 2 3 |  3.0
Ranged Weapons | 2 4 6 7 |  7.5
Dodging        | |  1.7
Stealth        | |  1.7

Action                   |  1- 3 |  4- 6 |  7- 9 || total
-------------------------+-------+-------+-------++-------
Melee: Dagger            |     1 |       |    18 ||    19
       Short sword       |     6 |    27 |       ||    33
       Rapier            |       |    31 |    41 ||    72
 Fire: Sling             |       |    11 |   104 ||   115
Throw: Javelin           |       |     3 |       ||     3
       Dart              |       |       |     9 ||     9
 Cast: Freeze            |    59 |    91 |    98 ||   248
       Ozocubu's Armour  |     2 |     9 |    32 ||    43
       Frozen Ramparts   |       |       |     2 ||     2
  Use: Scroll            |       |     7 |     2 ||     9
 Stab: Sleeping          |     5 |     6 |       ||    11
Armor: Robe              |     8 |    33 |     1 ||    42
       Leather armour    |       |       |    36 ||    36
Dodge: Dodged            |    19 |    81 |    96 ||   196

Table legend: (Time is in decaauts)
 A = Elapsed time spent in this place.
 B = Non-inter-level travel time spent in this place.
 C = Inter-level travel time spent in this place.
 D = Time resting spent in this place.
 E = Time spent auto-exploring this place.
 F = Levels seen in this place.
 G = Mean time per level.
                   A        B        C        D        E       F      G
               +--------+--------+--------+--------+--------+-----+--------+
         Total |   9758 |   8966 |    792 |   3415 |   3592 |   9 | 1084.2 |
       Dungeon |   9744 |   8952 |    792 |   3415 |   3592 |   8 | 1218.0 |
        Temple |     13 |     13 |      0 |      0 |      0 |   1 |   13.0 |
               +--------+--------+--------+--------+--------+-----+--------+

Top non-repeatable levels by time:
     D:2: 1684 daAuts
     D:6: 1543 daAuts
     D:4: 1458 daAuts
     D:7: 1183 daAuts
     D:8: 1126 daAuts
     D:3: 1098 daAuts
     D:1: 885 daAuts
     D:5: 764 daAuts
  Temple: 13 daAuts
